 Dungeon Crawl Stone Soup version 0.26.0-45-g9c1d065592 (webtiles) character file.

Game seed: 9974224438058937728

(classic levelgen) 21 thiole the Magician (level 2, -4/18 HPs)
             Began as an Octopode Hedge Wizard on Jan 31, 2021.
             Slain by Natasha (6 damage)
             ... on level 2 of the Dungeon.
             The game lasted 00:01:47 (930 turns).

thiole the Magician (Octopode Hedge Wizard)          Turns: 930, Time: 00:01:47

Health: -4/18      AC:  1    Str:  9    XL:     2   Next: 83%
Magic:  1/6        EV: 13    Int: 16    God:
Gold:   76         SH:  0    Dex: 11    Spells: 6/7 levels left

rFire    . . .     SeeInvis .   a - +0 dagger
rCold    . . .     Faith    .   (no shield)
rNeg     . . .     Spirit   .   b - +0 hat
rPois    .         Reflect  .   (no amulet)
rElec    .         Harm     .   (no ring)
rCorr    .         Rampage  .   (no ring)
Will     .....                  (no ring)
Stlth    +++.......             (no ring)
HPRegen  0.06/turn              (no ring)
MPRegen  0.10/turn              (no ring)
                                (no ring)
                                (no ring)

@: no status effects
A: almost no armour, stealthy swim, amphibious, 8 rings, constrict 8, camouflage
1, gelatinous body 1
a: no special abilities


You were on level 2 of the Dungeon.
You visited 1 branch of the dungeon, and saw 2 of its levels.

You collected 76 gold pieces.

Inventory:

Hand Weapons
 a - a +0 dagger (weapon)
Armour
 b - a +0 hat (worn)
Scrolls
 d - 2 scrolls of fear {unknown}
 e - a scroll of amnesia {unknown}
 g - a scroll of enchant weapon {unknown}
Potions
 c - a potion of flight {unknown}
 f - a potion of mutation {unknown}
 h - a potion of might {unknown}
 i - a potion of magic {unknown}
 j - a potion of lignification {unknown}


   Skills:
 + Level 1.5 Fighting
 - Level 2.0 Dodging
 - Level 2.6 Stealth
 - Level 3.0 Spellcasting
 - Level 2.0 Conjurations
 - Level 1.0 Summonings
 - Level 1.0 Translocations


You had 6 spell levels left.
You knew the following spells:

 Your Spells              Type           Power        Failure   Level
a - Magic Dart            Conj           32%          9%          1

Your spell library contained the following spells:

 Spells                   Type           Power        Failure   Level
 Blink                    Tloc           N/A          19%         2
 Call Imp                 Summ           5%           19%         2
 Slow                     Hex            2%           28%         2
 Conjure Flame            Conj/Fire      5%           36%         3
 Mephitic Cloud           Conj/Pois/Air  4%           41%         3


Dungeon Overview and Level Annotations

Branches:
Dungeon (2/15)

Altars:

Annotations:
D:2 Natasha


Innate Abilities, Weirdness & Mutations

You cannot wear most types of armour.
You are very stealthy in the water. (Stealth+)
You are amphibious.
You can wear up to eight rings at the same time.
You can use your tentacles to constrict eight enemies at once.
Your skin changes colour to match your surroundings (Stealth+).
Your rubbery body absorbs attacks. (AC +1, EV +1)


Message History

Aiming: Magic Dart (safe; 9% risk of failure)
Press: ? - help, Shift-Dir - straight line, f/p - Natasha
Aim: Natasha, carrying a wand of random effects (16) (heavily wounded, 0% to evade)
The magic dart hits Natasha.
Natasha is heavily wounded.
Natasha closely misses you. The rat barely misses you.
Casting: Magic Dart (safe; 9% risk of failure)
Confirm with . or Enter, or press ? or * to list all spells.
You don't have enough magic to cast that spell.
You hit Natasha but do no damage. Your grab misses Natasha.
You squeeze Natasha.
Natasha is almost dead.
Natasha casts a spell at you. The magic dart hits you.
* * * LOW HITPOINT WARNING * * *
The rat misses you.
You hit Natasha but do no damage. Your grab misses Natasha.
Natasha is almost dead.
Natasha claws you.
You die...

## ...####
.......##
........## #..
......r..#.....
......h@.....≈.
.........####..
.........#
......!..#
........##
.........
....#....
...##......#
.≈..... # . .#
.......


You could see Natasha and a rat.

Vanquished Creatures
  A dart slug (D:1)
  A ball python (D:1)
  2 goblins (D:1)
  3 hobgoblins (D:1)
  3 jackals (D:2)
  2 kobolds (D:1)
  A bat (D:2)
  2 frilled lizards (D:1)
  A rat (D:1)
16 creatures vanquished.

Notes
Turn   | Place    | Note
-------+----------+-------------------------------------------
     0 | D:1      | thiole the Octopode Hedge Wizard began the quest for the
                  | Orb.
     0 | D:1      | Reached XP level 1. HP: 11/11 MP: 4/4
   375 | D:1      | Reached XP level 2. HP: 17/17 MP: 0/6
   620 | D:1      | Reached skill level 1 in Fighting
   920 | D:2      | Noticed Natasha
   930 | D:2      | Slain by Natasha

Illustrated notes

Levels and vault maps discovered:
D:1:      minmay_arrival_doors, layout_rooms, minmay_strange_pillars,
          minmay_misc_feat_plants
D:2:      layout_rooms, ashenzari_conservatory_becter, dancing_weapons_uskayaw,
          chequers_ecumenical_altar_island, grunt_decor_arrowhead, uniq_natasha

Skill      XL: |  1  2 |
---------------+-------+-----
Conjurations   | 2 |  2.0
Fighting       | 1 |  1.5
Dodging        | |  2.0
Stealth        | |  2.6
Spellcasting   | |  3.0
Summonings     | |  1.0
Translocations | |  1.0

Action                   || total
-------------------------++-------
Melee: Dagger            ||    17
       Constrict         ||     6
       Tentacles         ||     4
 Cast: Magic Dart        ||    44
Armor: Skin              ||     2
Dodge: Dodged            ||    18
